 Dungeon Crawl Stone Soup version 0.21-a0-522-ga8338f0 (webtiles) character file.

1227 sagitran the Quickloader (level 8, -2/48 HPs)
             Began as a Kobold Hunter on Dec 5, 2017.
             Slain by an orc wizard
             ... wielding a +0 dagger
              (4 damage)
             ... on level 5 of the Dungeon on Dec 6, 2017.
             The game lasted 00:26:44 (4883 turns).

sagitran the Quickloader (Kobold Hunter)            Turns: 4883, Time: 00:26:45

Health: -2/48      AC:  5    Str: 12    XL:     8   Next: 76%
Magic:  10/10      EV: 17    Int: 13    God:
Gold:   233        SH:  0    Dex: 16    Spells: 7/7 levels left

rFire    . . .     SeeInvis .   h - +0 dagger (speed)
rCold    . . .     Gourm    .   (shield restricted)
rNeg     . . .     Faith    .   c - +0 leather armour
rPois    +         Spirit   .   (helmet restricted)
rElec    .         Reflect  .   (no cloak)
rCorr    .         Harm     .   (no gloves)
MR       +....                  g - +1 pair of boots
Stlth    ++........             (no amulet)
HPRegen  0.16/turn              k - ring of protection from magic
MPRegen  0.12/turn              o - ring of poison resistance

@: very slightly contaminated
A: small, horns 1, carnivore 3, strong 1
a: no special abilities


You were on level 5 of the Dungeon.
You were full.

You visited 1 branch of the dungeon, and saw 5 of its levels.
You also visited: Ossuary.

You collected 323 gold pieces.
You spent 90 gold pieces at shops.

Inventory:

Hand Weapons
 a - a +1 hand crossbow
 b - a +0 short sword
 h - a +0 dagger of speed (weapon)
Missiles
 d - 7 bolts
 w - 2 tomahawks (quivered)
Armour
 c - a +0 leather armour (worn)
 g - a +1 pair of boots (worn)
 x - a +0 helmet
Jewellery
 k - a ring of protection from magic (left hand)
 o - a ring of poison resistance (right hand)
 q - an uncursed ring of wizardry
 t - an uncursed ring of see invisible
 D - a cursed ring of loudness {unknown}
Wands
 u - a wand of enslavement (8)
 v - a wand of acid (2)
Scrolls
 i - 4 scrolls of remove curse
 m - 2 scrolls of identify
 p - 3 scrolls of teleportation
 s - a scroll of fog
 y - a scroll of magic mapping
 G - a scroll of enchant armour
Potions
 e - 2 potions of might
 j - a potion of magic {unknown}
 l - 2 potions of ambrosia {unknown}
 n - 2 potions of invisibility {unknown}
 z - a potion of flight
 A - a potion of curing
 B - 2 potions of resistance
 C - a potion of brilliance {unknown}
 E - 3 potions of lignification {unknown}
 F - a potion of cancellation {unknown}
Comestibles
 f - 5 meat rations


   Skills:
 + Level 4.2 Fighting
 + Level 4.7 Short Blades
 + Level 8.4 Crossbows
 + Level 3.0 Armour
 + Level 5.1 Dodging
 + Level 2.0 Stealth
 + Level 3.1 Evocations


You had 7 spell levels left.
You didn't know any spells.

Dungeon Overview and Level Annotations

Branches:
Dungeon (5/15)
 Temple: D:4-7

Altars:
Dithmenos
Kikubaaqudgha
Trog
The Shining One

Shops:
D:4 :%!%


Innate Abilities, Weirdness & Mutations

You are small and have problems with some larger weapons.
You are carnivorous and can eat meat at any time.
You have a pair of small horns on your head.
Your muscles are strong. (Str +2)


Message History

The orc wizard flickers and vanishes!
The scorpion closely misses you.
The leopard gecko skeleton closely misses you.
You hear some strange, mumbled words.
A puff of flame appears from out of thin air!
The puff of flame hits you!
The orc wizard shouts noisily.
The orc wizard mumbles some strange words.
The orc wizard blinks!
Something hits you but does no damage. Something hits you but does no damage.
You hear some strange, mumbled words.
A puff of frost appears from out of thin air!
The puff of frost hits you! Something hits you but does no damage.
Something barely misses you. Something barely misses you.
Something hits you but does no damage. The mummy hits you!
* * * LOW HITPOINT WARNING * * *
Something hits you.
You die...

#........#o.# ###...........
#........(o# ##...###.......
#.........## #..##..........
#####.<...#
#####.....##.......
#...########.....######.......
######...........### #.......
#........................
###..........#..... .##.###
#s...###M.@...>####
###.######.#######
#....s..Z.[# ############


You could see a mummy and a leopard gecko skeleton.

Vanquished Creatures
  Sigmund (D:4)
  A sky beast (D:5)
  An ogre (D:3)
  2 howler monkeys (D:4)
  2 bullfrog zombies (Ossuary)
  A centaur zombie (Ossuary)
  An orc wizard (D:4)
  2 orc priests
  Jessica (D:3)
  A worker ant (D:4)
  18 mummies (Ossuary)
  A hound zombie (Ossuary)
  A worker ant zombie (Ossuary)
  4 adders
  An ooze (D:2)
  5 dart slugs
  A leopard gecko (D:2)
  18 orcs
  7 bats
  4 giant cockroaches
  5 goblins
  8 hobgoblins
  2 quokkas (D:2)
  A ball python (D:3)
  2 frilled lizards
  A jackal zombie (Ossuary)
  9 kobolds
  A quokka zombie (Ossuary)
  5 rats
107 creatures vanquished.

Vanquished Creatures (collateral kills)
  3 jackals (D:4)
3 creatures vanquished.

Vanquished Creatures (others)
  An adder zombie (D:5)
  An orc (D:5)
  3 withered plants (Ossuary)
5 creatures vanquished.

Grand Total: 115 creatures vanquished

Notes
Turn   | Place    | Note
-------+----------+-------------------------------------------
     0 | D:1      | sagitran the Kobold Hunter began the quest for the Orb.
     0 | D:1      | Reached XP level 1. HP: 12/12 MP: 1/1
    74 | D:1      | Reached skill level 5 in Crossbows
    92 | D:1      | Reached XP level 2. HP: 18/18 MP: 2/2
   504 | D:1      | Reached XP level 3. HP: 22/22 MP: 3/3
  1148 | D:2      | Upgraded the game from 0.21-a0-521-g1cd18d1 to 0.21-a0-522-ga8338f0
  1162 | D:2      | Reached skill level 1 in Short Blades
  1233 | D:2      | Found a bloodstained altar of Trog.
  1571 | D:2      | Reached XP level 4. HP: 27/27 MP: 4/4
  1998 | D:3      | Noticed Jessica
  2000 | D:3      | Killed Jessica
  2000 | D:3      | Reached XP level 5. HP: 32/32 MP: 5/5
  2044 | D:3      | Found an ancient bone altar of Kikubaaqudgha.
  2217 | D:3      | Reached skill level 6 in Crossbows
  2357 | D:3      | Noticed an ogre
  2367 | D:3      | Killed an ogre
  2367 | D:3      | Reached skill level 1 in Armour
  2367 | D:3      | Reached XP level 6. HP: 37/37 MP: 6/6
  2388 | D:3      | Found a shadowy altar of Dithmenos.
  2796 | D:3      | Found a glowing golden altar of the Shining One.
  2856 | D:4      | Found Touth's Food Boutique.
  2894 | D:4      | Reached skill level 7 in Crossbows
  2931 | D:4      | Found Dole's Food Boutique.
  2979 | D:4      | Noticed Sigmund
  3005 | D:4      | Killed Sigmund
  3005 | D:4      | Reached XP level 7. HP: 18/42 MP: 7/7
  3217 | D:4      | Found Wuokk's Distillery.
  3237 | D:4      | Bought a potion of mutation for 80 gold pieces
  3237 | D:4      | Bought a potion of degeneration for 10 gold pieces
  3242 | D:4      | Gained mutation: Your muscles are strong. (Str +2) [potion of mutation]
  3242 | D:4      | Gained mutation: You have a pair of small horns on your head. [potion of mutation]
  3340 | D:4      | Found Yraurobe's Book Shoppe.
  3880 | D:5      | Entered Level 5 of the Dungeon
  4068 | D:5      | Found a sand-covered staircase.
  4074 | Ossuary  | Entered an ossuary
  4103 | Ossuary  | Reached XP level 8. HP: 17/48 MP: 8/8
  4133 | Ossuary  | Reached skill level 1 in Evocations
  4148 | Ossuary  | Reached skill level 8 in Crossbows
  4252 | Ossuary  | HP: 2/48 [bullfrog zombie (7)]
  4725 | Ossuary  | Reached skill level 5 in Dodging
  4882 | D:5      | HP: 2/48 [mummy (17)]
  4883 | D:5      | Slain by an orc wizard

Vault maps used:
D:1:      minmay_arrival_semitransparent
D:2:      trog_butcher_becter
D:3:      nicolae_dithmenos_shadow_blocks, nicolae_overflow_hidden_temple,
          nicolae_tso_swordbearing_angel, uniq_jessica
D:4:      first_bread, serial_shops, shop_statue, kennysheep_little_box,
          nicolae_shop_competitors_out_of_business, kennysheep_mini,
          uniq_sigmund
D:5:      gup_ossuary_entry_pyramid, hangedman_abyss_or_decor_stagger
Ossuary:  ossuary_zaba_flooded

Skill      XL: |  1  2  3  4  5  6  7  8 |
---------------+-------------------------+-----
Crossbows      | 5 6 7 8 |  8.4
Short Blades   | 1 2 3 4 |  4.7
Fighting       | 3 4 |  4.2
Dodging        | 3 4 5 |  5.1
Armour         | 1 2 3 |  3.0
Stealth        | 2 |  2.0
Evocations     | 3 |  3.1

Action                   |  1- 3 |  4- 6 |  7- 9 || total
-------------------------+-------+-------+-------++-------
Melee: Short sword       |    46 |       |       ||    46
       Dagger            |   142 |    84 |    82 ||   308
       Headbutt          |       |       |    19 ||    19
 Fire: Hand crossbow     |    23 |    62 |    32 ||   117
Throw: Tomahawk          |       |       |     2 ||     2
Evoke: Wand              |       |     2 |    47 ||    49
  Use: Potion            |     2 |     2 |     3 ||     7
       Scroll            |     3 |     2 |    11 ||    16
  Eat: Chunk             |    10 |     4 |     4 ||    18
Armor: Leather armour    |    29 |    18 |    12 ||    59
Dodge: Dodged            |   156 |    61 |    69 ||   286

Table legend:
 A = Spawn XP
 B = Non-spawn XP
 C = Spawn XP percentage of total XP
 D = Spawn monster count
 E = Non-spawn monster count
 F = Spawn count percentage of total count
 G = Total turns spent on level
                    A         B        C        D         E        F      G
               +---------+---------+-------+---------+---------+-------+---------
         Total |       0 |    1753 |   0.0 |       0 |     110 |   0.0 |  4883
               +---------+---------+-------+---------+---------+-------+---------
           D:1 |       0 |      41 |   0.0 |       0 |      22 |   0.0 |   877
           D:2 |       0 |      50 |   0.0 |       0 |      18 |   0.0 |  1091
           D:3 |       0 |     264 |   0.0 |       0 |      27 |   0.0 |   879
           D:4 |       0 |     499 |   0.0 |       0 |      16 |   0.0 |  1137
           D:5 |       0 |     136 |   0.0 |       0 |       2 |   0.0 |   129
       Ossuary |       0 |     763 |   0.0 |       0 |      25 |   0.0 |   770
               +---------+---------+-------+---------+---------+-------+---------
